Map: Incorporeal LE

Players

ManlyManMeat - Winner!

  • Race: Protoss Protoss
  • Spawn Location: 5:00

Iternal

  • Race: Terran Terran
  • League: Silver
  • Spawn Location: 11:00

VOD

Have the link to the VOD?

Description

Time

  • Played on: May 14, 2025, 7:17 a.m.
  • Length: 4:48
Show
View Real Time Build Order
Export as new Build Order

ManlyManMeat Protoss - Winner!

Build Orders:  

Get SALT Encoding   

  12  0:00  Probe  
  13  0:18  Probe  
  13  0:19  Pylon  
  13  0:26  Probe  
  13  0:36  Probe  
  13  0:38  Gateway  
  13  0:45  Assimilator  
  13  0:48  Probe  
  13  0:57  Pylon  
  13  1:01  Probe  
  13  1:26  Probe  
  13  1:27  Forge  
  13  1:29  Cybernetics Core  
  13  1:34  Zealot, Probe  
  13  1:50  Gateway  
  13  1:55  Probe  
  13  2:04  Warp Gate  
  13  2:07  Probe  
  13  2:19  Probe  
  13  2:29  Nexus  
  13  2:41  Zealot x2  
  13  2:46  Assimilator  
  13  2:56  Probe  
  13  3:08  Probe  
  13  3:18  Pylon  
  13  3:33  Pylon  
  13  3:42  Pylon  
  13  3:47  Probe  
  13  3:48  Probe  
  13  3:55  Probe  
  13  3:56  Probe  
  13  3:59  Pylon  
  13  4:05  Probe  
  13  4:10  Robotics Facility  
  13  4:15  Stargate  
  13  4:16  Probe  
  13  4:17  Probe  
  13  4:24  Probe  
  13  4:30  Probe  
  13  4:32  Probe  
Show
View Real Time Build Order
Export as new Build Order

Iternal Terran 

Build Orders:  

Get SALT Encoding   

Tags
 
League
Silver
Matchup
PvT
Spawn Locations
Cross Positions
Add a new tag
Caveats
  • Supply blocks, unpowered buildings, or Contaminate may cause inaccurate times.
  • Supply counts are checked every 10 seconds.